 Dungeon Crawl Stone Soup version 0.28-a0-1510-gd0f6b136d3 (webtiles) character file.

Game seed: 5150613164177724505

16534 Shayle the Nimble (level 12, -4/95 HPs)
             Began as a Djinni Warper on Jan 16, 2022.
             Was a Believer of Ashenzari.
             Slain by a white ugly thing (25 damage)
             ... in an ice cave.
             The game lasted 00:57:44 (19360 turns).

Shayle the Nimble (Djinni Warper)                  Turns: 19360, Time: 00:57:45

Health: -4/95      AC:  9    Str: 16    XL:     12   Next: 71%
Gold:   319        EV: 20    Int: 24    God:    Ashenzari [**....] SH:  5 Dex: 18

rFire   + + +      SeeInvis +   S - +7 lajatang "Ufosch" {holy, rElec rF+++ Dex-5 Stlth+}
rCold   . . .      Faith    .   (shield currently unavailable)
rNeg    + . .      Spirit   .   F - +4 robe of Augmentation {Str+4 Int+4 Dex+4, Cun, Self} (curse)
rPois   ∞          Reflect  +   (no helmet)
rElec   +          Harm     .   m - +1 cloak
rCorr   .          Rampage  .   x - +0 pair of gloves {hurl}
Will    +....                   (boots unavailable)
Stlth   +++++.....              f - amulet "Elysian Liberalism" {Reflect SH+5, Cun, Self} (curse)
HPRegen 0.25/turn               n - ring of protection from cold
MPRegen 0.00/turn               N - ring "At What Cost Knowledge?" {rElec rF++ rN+ Dex+6 Slay+2, Self, Melee} (curse)

@: flying
A: sickness immunity, fire resistance 2, cold vulnerability 1, float, innate
caster, hp casting, extra vitality 1, strong 1
a: Renounce Religion, Shatter the Chains


You were in an ice cave.
You worshipped Ashenzari.
Ashenzari was pleased with you.
You visited 3 branches of the dungeon, and saw 14 of its levels.
You also visited: Sewer, Bailey and Ice Cave.

You collected 834 gold pieces.
You spent 515 gold pieces at shops.

Inventory:

Hand Weapons
 o - a +3 vorpal great mace
 D - the +10 short sword "Omuet" {freeze, Str-5 Int+6}
   (You found it on level 6 of the Dungeon)

   It freezes those it strikes, dealing additional cold damage.
   It can also slow down cold-blooded creatures.
   Str:       It affects your strength (-5).
   Int:       It affects your intelligence (+6).
 L - a +2 trident of distortion
 R - a +6 dagger of freezing
 S - the +7 lajatang "Ufosch" (weapon) {holy, rElec rF+++ Dex-5 Stlth+}
   (You bought it in a shop on level 9 of the Dungeon)

   It has been blessed by the Shining One to cause great damage to the undead
   and demons.
   Dex:       It affects your dexterity (-5).
   rF:        It renders you almost immune to fire.
   rElec:     It insulates you from electricity.
   Stlth:     It makes you more stealthy.
Missiles
 c - 4 boomerangs of dispersal
 t - 19 curare-tipped darts (quivered)
 E - 26 boomerangs
 G - 4 throwing nets
 P - 4 datura-tipped darts
 Q - 4 atropa-tipped darts
Armour
 l - a +0 troll leather armour
 m - a +1 cloak (worn)
 x - a +0 pair of gloves of hurling (worn)
 y - a +0 robe of cold resistance
 z - a +2 robe of willpower
 C - +0 steam dragon scales
 F - the cursed +4 robe of Augmentation (worn) {Str+4 Int+4 Dex+4, Cun, Self}
   (You found it on level 6 of the Dungeon)

   Str:       It affects your strength (+4).
   Int:       It affects your intelligence (+4).
   Dex:       It affects your dexterity (+4).
   It has a curse which improves the following skills: Cunning: Dodging and
   Stealth.
   Introspection: Fighting and Spellcasting.
 Z - the +4 skin of Zhor {*Englaciate rC+++ SInv}
   (You found it in an ice cave)

   It radiates cold, occasionally slowing all nearby creatures who are not
   resistant to cold.
   rC:        It renders you almost immune to cold.
   SInv:      It lets you see invisible.
Jewellery
 f - the cursed amulet "Elysian Liberalism" (around neck) {Reflect SH+5, Cun, Self}
   (You found it on level 7 of the Dungeon)

   [amulet of reflection]

   It reflects blocked missile attacks.
   SH:        It affects your SH (+5).
   It has a curse which improves the following skills: Cunning: Dodging and
   Stealth.
   Introspection: Fighting and Spellcasting.
 i - a ring of resist corrosion
 n - a ring of protection from cold (left hand)
 A - a +6 ring of intelligence
 N - the cursed ring "At What Cost Knowledge?" (right hand) {rElec rF++ rN+ Dex+6 Slay+2, Self, Melee}
   (You found it on level 9 of the Dungeon)

   [ring of dexterity]

   Dex:       It affects your dexterity (+6).
   Slay:      It affects your accuracy & damage with ranged weapons and melee
   (+2).
   rF:        It greatly protects you from fire.
   rElec:     It insulates you from electricity.
   rN:        It protects you from negative energy.
   It has a curse which improves the following skills: Introspection: Fighting
   and Spellcasting.
   Melee Combat: Short Blades, Long Blades, Axes, Maces & Flails, Polearms,
   Staves and Unarmed Combat.
 X - a +4 ring of protection
Wands
 k - a wand of acid (6)
 B - a wand of paralysis (4)
 H - a wand of charming (4)
 M - a wand of polymorph (6)
 O - a wand of flame (12)
 W - a wand of digging (7)
Scrolls
 a - a scroll of brand weapon
 b - 2 scrolls of enchant weapon
 e - 7 scrolls of teleportation
 g - 4 scrolls of vulnerability
 s - 4 scrolls of magic mapping
 u - 3 scrolls of fog
 K - a scroll of silence
 U - a scroll of blinking
 Y - a scroll of fear
Potions
 d - 3 potions of mutation
 h - a potion of haste
 j - 2 potions of lignification
 p - a potion of invisibility
 r - 2 potions of flight
 v - 2 potions of heal wounds
 w - 2 potions of magic
 I - a potion of curing
 J - a potion of might
 V - a potion of resistance
Miscellaneous
 q - a piece from Xom's chessboard (10/15)
 T - a tin of tremorstones (2/2)


   Skills:
 + Level 9.7(12.2) Fighting
 - Level 0.7 Throwing
 - Level 1.0 Armour
 + Level 10.5(12.4) Dodging
 + Level 6.4(8.3) Stealth
 + Level 9.6(10.9) Unarmed Combat
 + Level 7.6(10.2) Spellcasting


You couldn't memorise any spells.
You knew the following spells:

 Your Spells              Type           Power      Damage    Failure   Level
a - Blink                 Tloc           100%       N/A       1%          2
b - Lesser Beckoning      Tloc           57%        N/A       1%          3
c - Gell's Gravitas       Tloc           57%        N/A       1%          3
d - Teleport Other        Tloc           57%        N/A       1%          3
e - Manifold Assault      Tloc           57%        N/A       2%          5
f - Foxfire               Conj/Fire      100%       2x1d9     1%          1
g - Call Imp              Summ           57%        N/A       1%          2
h - Stone Arrow           Conj/Erth      100%       3d13      1%          3
i - Dispel Undead         Necr           57%        3d20      1%          4
j - Freezing Cloud        Conj/Ice/Air   28%        6-21      2%          5
Your spell library was empty.

Dungeon Overview and Level Annotations

Branches:
Dungeon (12/15)            Temple (1/1) D:5            Lair (1/6) D:9
    Orc (0/2) D:10          Sewer (visited)          Bailey (visited)
  IceCv (1/1)

Altars:
Ashenzari
Cheibriados
Dithmenos
Elyvilon
Fedhas
Gozag
Hepliaklqana
Kikubaaqudgha
Makhleb
Nemelex Xobeh
Okawaru
Qazlal
Ru
Sif Muna
Trog
Uskayaw
Vehumet
Wu Jian
Xom
Yredelemnul
Zin
The Shining One

Shops:
D:4 =   D:5 :   D:8 *   D:9 ?[(*:

Annotations:
D:6 5 runed translucent doors, RancidPinata's ghost, weakling GrDe; Zonian's ghost, novice DrCK; ragingrage's ghost, novice GrAr IceCv exclusion: ice statue


Innate Abilities, Weirdness & Mutations

You are immune to sickness and miasma.
You are immune to poison.
Your flesh is very heat resistant. (rF++)
You are vulnerable to cold. (rC-)
You float through the air rather than walking.
You learn spells naturally, not from books.
Your magical power is your life essence.
You have superior vitality. (+4 MHP)
Your muscles are strong. (Str +2)


Message History

Confirm with . or Enter, or press ? or * to list all spells.
Aiming: Stone Arrow (safe; 1% risk of failure)
Press: ? - help, Shift-Dir - straight line, f - white ugly thing
Aim: a white ugly thing (lightly wounded, 78% to hit)
The stone arrow hits the white ugly thing!!
The white ugly thing is heavily wounded.
The white ugly thing tail-slaps you but does no damage.
Unknown command.
Casting: Stone Arrow (safe; 1% risk of failure)
Confirm with . or Enter, or press ? or * to list all spells.
Aiming: Stone Arrow (safe; 1% risk of failure)
Press: ? - help, Shift-Dir - straight line, f/p - white ugly thing
Aim: a white ugly thing (heavily wounded, 78% to hit)
The stone arrow misses the white ugly thing.
The white ugly thing tail-slaps you. The white ugly thing freezes you!!
Unknown command.
Casting: Stone Arrow (safe; 1% risk of failure)
Confirm with . or Enter, or press ? or * to list all spells.
Aiming: Stone Arrow (safe; 1% risk of failure)
Press: ? - help, Shift-Dir - straight line, f/p - white ugly thing
Aim: a white ugly thing (heavily wounded, 78% to hit)
The stone arrow hits the white ugly thing.
The white ugly thing is heavily wounded.
The white ugly thing tail-slaps you. The white ugly thing freezes you!
Unknown command.
Casting: Stone Arrow (safe; 1% risk of failure)
Confirm with . or Enter, or press ? or * to list all spells.
Aiming: Stone Arrow (safe; 1% risk of failure)
Press: ? - help, Shift-Dir - straight line, f/p - white ugly thing
Aim: a white ugly thing (heavily wounded, 78% to hit)
The stone arrow hits the white ugly thing!
The white ugly thing is severely wounded.
* * * LOW HITPOINT WARNING * * *
The white ugly thing misses you.
You slash the white ugly thing!
The white ugly thing is severely wounded.
The white ugly thing tail-slaps you!
* * * LOW HITPOINT WARNING * * *
The white ugly thing freezes you!!
You die...

####*####### #######
*Z...{#.....##
##.....#
.....#?.....###......#
,
.Z..Y#......Y#.......#
.......ZY..YYu@.∩..∩.#
,
...Z#......Y#.......#
.....#......###......#
8...{#..[..## ##.....#
#### ####### #######


You could see a white ugly thing, 5 ice beasts and a cane toad simulacrum.

Vanquished Creatures
  2 hydras
  A great orb of eyes (D:12)
  2 two-headed ogres
  A death knight (D:12)
  Pikel (D:5)
  A deep elf pyromancer (D:12)
  A manticore (D:7)
  8 centaur zombies
  A gargoyle (D:12)
  2 komodo dragons
  Maggie (D:6)
  6 trolls
  Prince Ribbit (D:8)
  A hornet (D:9)
  2 shadows
  10 yaks
  A wraith (D:10)
  3 wyverns (D:9)
  A basilisk (D:9)
  Eustachio (D:6)
  Grum (D:11)
  3 death yak simulacra (IceCv)
  2 acid dragons
  A water moccasin (D:6)
  A swamp drake (D:9)
  3 sky beasts
  2 ice beasts
  4 orc warriors
  A black bear (D:6)
  A necrophage (D:5)
  2 ogres
  4 centaurs
  3 wolves (D:11)
  A lemure (D:4)
  8 kobold brigands
  2 gnoll sergeants
  A bullfrog (Lair:1)
  A scorpion (D:4)
  A cane toad simulacrum (IceCv)
  A wyvern zombie (D:8)
  3 killer bees (D:10)
  A jelly (D:4)
  5 wights (D:9)
  2 howler monkeys
  A bullfrog zombie (D:6)
  2 hounds
  5 orc priests
  A bullfrog skeleton (D:5)
  2 centaur skeletons (D:4)
  2 gnoll shamans
  Jessica (D:3)
  Ijyb (D:4)
  10 orc wizards
  A polar bear simulacrum (IceCv)
  A hound skeleton (D:4)
  32 gnolls
  A howler monkey skeleton (D:2)
  5 river rats
  17 adders
  2 shadow imps
  3 white imps
  An adder zombie (D:3)
  3 adder skeletons (D:3)
  5 worms
  25 orcs
  4 bats
  8 endoplasms
  4 giant cockroaches
  16 goblins
  3 hobgoblins
  2 jackals (D:2)
  18 kobolds
  2 quokkas (D:1)
  9 ball pythons
  A ball python skeleton (D:3)
  2 frilled lizards (D:2)
  A quokka skeleton (D:3)
  11 rats
  2 butterflies (D:7)
  A toadstool (D:3)
306 creatures vanquished.

Vanquished Creatures (collateral kills)
  A steam dragon (D:4)
  A foxfire (D:3)
2 creatures vanquished.

Vanquished Creatures (others)
  An orc wizard (D:8)
  751 foxfires
  2 fungi (D:3)
  A plant (Lair:1)
  2 toadstools (D:3)
  4 withered plants (D:3)
761 creatures vanquished.

Grand Total: 1069 creatures vanquished

Notes
Turn   | Place    | Note
-------+----------+-------------------------------------------
     0 | D:1      | Shayle the Djinni Warper began the quest for the Orb.
     0 | D:1      | Reached XP level 1. HP: 18/18 MP: 0/0
    45 | D:1      | Reached XP level 2. HP: 20/23 MP: 0/0
   803 | D:1      | Reached XP level 3. HP: 28/29 MP: 0/0
   803 | D:1      | Learned a level 1 spell: Foxfire
  1640 | D:2      | Reached XP level 4. HP: 31/34 MP: 0/0
  1986 | D:2      | Reached skill level 3 in Dodging
  2058 | D:2      | Found a shadowy altar of Dithmenos.
  2216 | D:3      | Noticed Jessica
  2220 | D:3      | Killed Jessica
  2221 | D:3      | Reached XP level 5. HP: 38/40 MP: 0/0
  2221 | D:3      | Learned a level 2 spell: Call Imp
  2222 | D:3      | Found a faded altar of an unknown god.
  2299 | D:3      | Found an iron altar of Okawaru.
  2732 | D:3      | Gained mutation: You occasionally shout uncontrollably at
                  | your foes. [potion of mutation]
  2732 | D:3      | Lost mutation: You occasionally shout uncontrollably at
                  | your foes. [potion of mutation]
  2732 | D:3      | Gained mutation: Your muscles are strong. (Str +2) [potion
                  | of mutation]
  2753 | D:3      | Reached XP level 6. HP: 28/46 MP: 0/0
  2785 | D:3      | Found a glowing drain.
  2792 | Sewer    | Entered a sewer
  3321 | Sewer    | Reached skill level 4 in Dodging
  3501 | D:3      | Reached XP level 7. HP: 51/51 MP: 0/0
  3501 | D:3      | Learned a level 3 spell: Stone Arrow
  4726 | D:4      | Noticed a steam dragon
  4726 | D:4      | Noticed Ijyb
  4744 | D:4      | Killed a steam dragon
  4745 | D:4      | Reached skill level 5 in Dodging
  4745 | D:4      | Reached XP level 8. HP: 34/58 MP: 0/0
  4749 | D:4      | Killed Ijyb
  5076 | D:4      | Found a sacrificial altar of Ru.
  5193 | D:4      | Found Diatreoq's Jewellery Boutique.
  5210 | D:5      | Entered Level 5 of the Dungeon
  5292 | D:5      | Found Meecre Naoh's Book Boutique.
  5338 | D:5      | Reached skill level 5 in Fighting
  5338 | D:5      | Reached skill level 5 in Unarmed Combat
  5346 | D:5      | Found a staircase to the Ecumenical Temple.
  5364 | D:5      | Noticed Pikel
  5376 | D:5      | Killed Pikel
  5377 | D:5      | Reached skill level 6 in Dodging
  5377 | D:5      | Reached XP level 9. HP: 19/65 MP: 0/0
  5377 | D:5      | Learned a level 4 spell: Dispel Undead
  5383 | Temple   | Entered the Ecumenical Temple
  5793 | Temple   | Became a worshipper of Ashenzari the Shackled
  6261 | D:6      | Noticed Maggie
  6276 | D:6      | Killed Maggie
  6277 | D:6      | Reached skill level 5 in Spellcasting
  6335 | D:6      | Found a runed translucent door.
  6349 | D:6      | Found a runed translucent door.
  6365 | D:6      | Identified the +10 short sword "Omuet" {freeze, Str-5
                  | Int+6}
  6429 | D:6      | Noticed Eustachio
  6449 | D:6      | Killed Eustachio
  6519 | D:6      | Found the +4 robe of Augmentation {Str+4 Int+4 Dex+4}
  6622 | D:6      | Found a white marble altar of Elyvilon.
  6659 | D:6      | Reached skill level 7 in Dodging
  6919 | D:4      | Reached skill level 1 in Stealth
  7203 | D:5      | Found an ornate altar of the Wu Jian Council.
  7643 | D:5      | Found a glowing silver altar of Zin.
  7739 | D:6      | Found a runed translucent gate.
  7741 | D:6      | Found a runed translucent gate.
  7742 | D:6      | Found a runed translucent gate.
  7744 | D:6      | Noticed ragingrage's ghost (novice GrAr)
  7744 | D:6      | Noticed RancidPinata's ghost (weakling GrDe)
  7744 | D:6      | Noticed Zonian's ghost (novice DrCK)
  7843 | D:7      | Reached XP level 10. HP: 58/75 MP: 0/0
  8546 | D:7      | Noticed a manticore
  9097 | D:7      | Killed a manticore
  9151 | D:7      | Found a shimmering altar of Xom.
  9207 | D:7      | Reached skill level 8 in Dodging
  9395 | D:7      | Reached * piety under Ashenzari
 10203 | D:8      | Found a snail-covered altar of Cheibriados.
 10235 | D:8      | Found Waagh's General Store.
 10245 | D:8      | Bought a scroll of teleportation for 45 gold pieces
 10300 | D:8      | Found a glowing golden altar of the Shining One.
 10749 | D:8      | Noticed Prince Ribbit
 10766 | D:8      | Killed Prince Ribbit
 10944 | D:8      | Reached ** piety under Ashenzari
 11814 | D:9      | Identified the ring of Heecocix {rElec rF++ rN+ Dex+6
                  | Slay+2}
 11815 | D:9      | Found Romeev's Antique Weapon Emporium.
 11844 | D:9      | Found Ytresoak's Book Boutique.
 11925 | D:9      | Found Seogeav's Armour Boutique.
 11931 | D:9      | Found a flagged portal.
 11965 | Bailey   | Entered a bailey
 12224 | Bailey   | Reached XP level 11. HP: 80/86 MP: 0/0
 12224 | Bailey   | Learned a level 5 spell: Freezing Cloud
 12334 | Bailey   | Found an iron altar of Okawaru.
 13009 | D:9      | Bought a shimmering lajatang for 400 gold pieces
 13009 | D:9      | Identified the +7 lajatang "Ufosch" {holy, rElec rF+++
                  | Dex-5 Stlth+} (You bought it in a shop on level 9 of the
                  | Dungeon)
 13203 | D:9      | Reached skill level 9 in Dodging
 13364 | D:9      | Found a staircase to the Lair.
 13436 | D:9      | Found Baruvy's Assorted Antiques.
 13682 | D:9      | Found a shadowy altar of Dithmenos.
 13914 | D:9      | Found Atukk's Magic Scroll Shop.
 13923 | D:9      | Bought a scroll of teleportation for 30 gold pieces
 13923 | D:9      | Bought a scroll of fog for 20 gold pieces
 13923 | D:9      | Bought a scroll of fog for 20 gold pieces
 13961 | D:10     | Entered Level 10 of the Dungeon
 14237 | D:10     | Reached skill level 5 in Stealth
 14649 | D:10     | Found a staircase to the Orcish Mines.
 14835 | D:10     | Reached *** piety under Ashenzari
 15487 | D:11     | Noticed a two-headed ogre
 15577 | D:11     | Killed a two-headed ogre
 15672 | D:11     | Noticed a six-headed hydra
 15680 | D:11     | Killed a six-headed hydra
 15941 | D:11     | Noticed Grum
 15944 | D:11     | Reached XP level 12. HP: 72/96 MP: 0/0
 15944 | D:11     | Killed Grum
 16920 | D:12     | Noticed a great orb of eyes
 16926 | D:12     | Killed a great orb of eyes
 16927 | D:12     | Reached skill level 10 in Dodging
 16998 | D:12     | Noticed a death knight
 17005 | D:12     | HP: 1/98 [mirror damage (10)]
 17006 | D:12     | Killed a death knight
 17464 | D:12     | Noticed a two-headed ogre
 17469 | D:12     | Killed a two-headed ogre
 17590 | D:12     | Noticed a five-headed hydra
 17597 | D:12     | Killed a five-headed hydra
 18657 | Lair:1   | Entered Level 1 of the Lair of Beasts
 18705 | Lair:1   | Found a frozen archway.
 18712 | IceCv    | Entered an ice cave
 19307 | IceCv    | Found the +4 skin of Zhor {*Englaciate rC+++ SInv}
 19360 | IceCv    | Slain by a white ugly thing

Illustrated notes

Levels and vault maps discovered:
D:1:      sevenhm_arrival_forest_fort_small_6, layout_basic, fountainhead,
          minmay_misc_feat_x
D:2:      layout_basic, basic_altar
D:3:      layout_rooms, lemuel_round_altar, kiku_gazebo_garden_becter,
          serial_undead, serial_undead_b, serial_undead_d, serial_undead_b,
          serial_undead_e, serial_undead_c, lightli_sewer_entry_pipes,
          ebering_ecumenical_altar_petrified, serial_bayou_pond_d,
          minmay_gold_behind_fungi, kennysheep_big_empty_room, uniq_jessica
D:4:      minmay_door_path, layout_rooms, lemuel_tele_altar, serial_shops,
          nicolae_shop_behind_doors, uniq_ijyb
D:5:      layout_gridville, kennysheep_mini, marbit_many_paths,
          minmay_temple_entry_proselytizer, serial_shops, shop, sigmund_army,
          uniq_pikel
D:6:      lemuel_insect_pit, layout_rooms, mainiacjoe_overflow_alcove_2,
          gammafunk_ghost_cemetery, uniq_maggie, uniq_eustachio
D:7:      layout_layer_cave, nicolae_vehumet_radiance, xom_butterflies,
          minmay_microvault
D:8:      layout_gridville, nicolae_tso_carved_into_rock,
          mainiacjoe_overflow_catch_the_wave, minmay_shop_grid_forest,
          uniq_prince_ribbit1
D:9:      layout_small_grid, grunt_dithmenos_shadows, erik_lair_dragon,
          enter_bailey_5, serial_shops, nicolae_lakefront_shop,
          nicolae_shop_window_shopping, nicolae_lakefront_shop, shop,
          nicolae_shop_stone
D:10:     layout_stronghold, orc_0_dummy
D:11:     layout_loops_corners, grunt_ogre_cave, uniq_grum
D:12:     layout_irregular_city, kennysheep_generic_room_12
Temple:   jpeg_temple_alley_garden
Lair:1:   layout_loops_ring, portal_ice_cave_entry_pillars_2,
          infiniplex_staircase_pool_2
IceCv:    ice_cave_statue_garden_chambered

Skill      XL: |  1  2  3  4  5  6  7  8  9 10 11 12 |
---------------+-------------------------------------+-----
Dodging        | 3 4 5 6 7 8 9 10 | 10.5
Fighting       | 3 4 5 6 7 8 9 |  9.7
Unarmed Combat | 3 4 5 6 7 8 9 |  9.6
Spellcasting   | 3 4 5 6 7 |  7.6
Stealth        | 1 3 5 6 |  6.4
Throwing       | |  0.7
Armour         | |  1.0

Action                   |  1- 3 |  4- 6 |  7- 9 | 10-12 || total
-------------------------+-------+-------+-------+-------++-------
Melee: Unarmed           |    76 |    43 |       |       ||   119
       Whip              |       |    18 |   224 |   101 ||   343
       Punch             |       |       |     4 |    12 ||    16
       Lajatang          |       |       |       |    42 ||    42
Throw: Boomerang         |       |     1 |       |       ||     1
       Dart              |       |       |     1 |       ||     1
 Cast: Foxfire           |    21 |    90 |   117 |   207 ||   435
       Call Imp          |       |       |     2 |     1 ||     3
       Stone Arrow       |       |       |     6 |    12 ||    18
       Freezing Cloud    |       |       |       |    71 ||    71
       Blink             |       |       |       |     2 ||     2
Invok: Curse Item        |       |       |     1 |     3 ||     4
       Shatter the Chain |       |       |       |     1 ||     1
Evoke: Wand              |       |       |     9 |     8 ||    17
       Piece from Xom's  |       |       |       |    10 ||    10
  Use: Potion            |       |     5 |     1 |     4 ||    10
       Scroll            |       |     4 |    13 |     1 ||    18
 Stab: Paralysed         |       |       |     9 |       ||     9
       Confused          |       |       |       |     1 ||     1
       Sleeping          |       |       |       |     1 ||     1
Armor: Leather armour    |    23 |    34 |    86 |       ||   143
       Robe              |       |       |    47 |    81 ||   128
       Skin              |       |       |       |     2 ||     2
Dodge: Dodged            |    60 |    65 |   255 |   235 ||   615
Block: Other             |       |       |       |    42 ||    42
       Reflection        |       |       |       |     5 ||     5

Table legend: (Time is in decaauts)
 A = Elapsed time spent in this place.
 B = Non-inter-level travel time spent in this place.
 C = Inter-level travel time spent in this place.
 D = Time resting spent in this place.
 E = Time spent auto-exploring this place.
 F = Levels seen in this place.
 G = Mean time per level.
                   A        B        C        D        E       F      G
               +--------+--------+--------+--------+--------+-----+--------+
         Total |  19400 |  18586 |    814 |   5049 |   9210 |  17 | 1141.2 |
       Dungeon |  17139 |  16396 |    743 |   4056 |   8724 |  12 | 1428.2 |
        Temple |    447 |    376 |     71 |    220 |    151 |   1 |  447.0 |
          Lair |     54 |     54 |      0 |      0 |      0 |   1 |   54.0 |
         Sewer |    694 |    694 |      0 |    114 |    306 |   1 |  694.0 |
        Bailey |    413 |    413 |      0 |    178 |     29 |   1 |  413.0 |
      Ice Cave |    649 |    649 |      0 |    481 |      0 |   1 |  649.0 |
               +--------+--------+--------+--------+--------+-----+--------+

Top non-repeatable levels by time:
     D:9: 1880 daAuts
     D:7: 1853 daAuts
    D:11: 1831 daAuts
     D:8: 1645 daAuts
     D:3: 1435 daAuts
     D:4: 1412 daAuts
     D:1: 1344 daAuts
     D:6: 1272 daAuts
    D:10: 1223 daAuts
    D:12: 1184 daAuts
     D:5: 1137 daAuts
     D:2: 918 daAuts
   Sewer: 694 daAuts
   IceCv: 649 daAuts
  Temple: 447 daAuts
